 Dungeon Crawl Stone Soup version 0.18.1-8-gdd0e5ea (webtiles) character file.

193 georgeearnest the Insei (level 5, 0/46 HPs)
             Began as a Draconian Monk on May 24, 2016.
             Was a Believer of Yredelemnul.
             Slain by a gnoll
             ... wielding a +0 club
              (4 damage)
             ... on level 3 of the Dungeon.
             The game lasted 00:06:46 (3632 turns).

georgeearnest the Insei (Draconian Monk)            Turns: 3632, Time: 00:06:46

Health: 0/46       AC:  5    Str: 13    XL:     5   Next: 44%
Magic:  4/5        EV: 14    Int: 10    God:    Yredelemnul [**....]
Gold:   143        SH:  0    Dex: 15    Spells: 0 memorised, 4 levels left

rFire  . . .     SeeInvis .       - Unarmed
rCold  . . .     Gourm    .     (armour unavailable)
rNeg   . . .     Faith    .     (no shield)
rPois  .         Spirit   .     (helmet restricted)
rElec  .         Dismiss  .     (no cloak)
rCorr  .         Reflect  .     (no gloves)
SustAt .         Harm     .     (no boots)
MR     .....                    (no amulet)
Stlth  ++........               (no ring)
                                (no ring)

@: not resistant to hostile enchantments, unstealthy
A: unfitting armour, cold-blooded, AC +5
a: Animate Remains, Recall Undead Slaves, Injury Mirror, Renounce Religion


You were on level 3 of the Dungeon.
You worshipped Yredelemnul.
Yredelemnul was pleased with you.
You were hungry.

You visited 1 branch of the dungeon, and saw 3 of its levels.

You collected 143 gold pieces.

Inventory:

Armour
 d - a +0 pair of gloves
Scrolls
 b - 2 scrolls of teleportation {unknown}
 c - a scroll of random uselessness {unknown}
 e - a scroll of fear {unknown}
Potions
 a - a potion of beneficial mutation {unknown}
 g - a potion of cancellation {unknown}


   Skills:
 + Level 3.7 Fighting
 + Level 4.3 Dodging
 + Level 2.9 Stealth
 + Level 4.7 Unarmed Combat


You had 4 spell levels left.
You didn't know any spells.

Dungeon Overview and Level Annotations

Branches:
Dungeon (3/15)

Altars:
Kikubaaqudgha
Yredelemnul


Innate Abilities, Weirdness & Mutations

Your plain brown scales are hard (AC +5).
Your body does not fit into most forms of armour.
You are cold-blooded and may be slowed by cold attacks.


Message History

The gnoll is almost dead.
The gnoll closely misses you.
You closely miss the gnoll.
The gnoll is almost dead.
You hit the gnoll but do no damage.
The gnoll is almost dead.
The gnoll hits you but does no damage.
You hit the gnoll but do no damage.
The gnoll is almost dead.
The gnoll hits you with a club.
* * * LOW HITPOINT WARNING * * *
You hit the gnoll.
The gnoll is almost dead.
The gnoll hits you with a club!
* * * LOW HITPOINT WARNING * * *
You closely miss the gnoll.
The gnoll is almost dead.
The gnoll hits you with a club.
You die...
Your body rises from the dead as a mindless zombie.

#. #. .# . #.
#.##.#. ####.
...... #.... #.(.#
#.##. #.gg# #.##.
#g# #.##. #S#
#.### #g# #.###
#@######## #....
#........#########
#..#####..........
#.........########
##.#####.##
#.......#
######### # # #


You could see 4 gnolls and a ball python.

Vanquished Creatures
  Natasha (twice) (D:2)
  5 adders
  2 oozes
  4 worms
  A giant gecko (D:3)
  An orc (D:3)
  2 ball pythons
  4 bats
  3 giant cockroaches
  14 goblins
  9 hobgoblins
  3 jackals (D:2)
  9 kobolds
  4 quokkas
  2 giant newts
  2 gnoll zombies (D:2)
  12 rats
79 creatures vanquished.

Notes
Turn   | Place    | Note
--------------------------------------------------------------
     0 | D:1      | georgeearnest the Draconian Monk began the quest for the Orb.
     0 | D:1      | Reached XP level 1. HP: 19/19 MP: 1/1
   257 | D:1      | Reached XP level 2. HP: 22/26 MP: 2/2
  1221 | D:1      | Reached XP level 3. HP: 17/31 MP: 3/3
  1925 | D:2      | Reached XP level 4. HP: 38/38 MP: 4/4
  2135 | D:2      | Noticed Natasha
  2141 | D:2      | Killed Natasha
  2330 | D:2      | Noticed Natasha
  2363 | D:2      | Killed Natasha
  2598 | D:2      | Reached XP level 5. HP: 44/46 MP: 5/5
  2932 | D:2      | Found a basalt altar of Yredelemnul.
  2952 | D:2      | Became a worshipper of Yredelemnul the Dark
  2952 | D:2      | Reached * piety under Yredelemnul
  2952 | D:2      | Reached ** piety under Yredelemnul
  3472 | D:3      | Found an ancient bone altar of Kikubaaqudgha.
  3632 | D:3      | Slain by a gnoll

Skill      XL: |  1  2  3  4  5 |
---------------+----------------+-----
Dodging        | 3 4 |  4.3
Stealth        | 2 |  2.9
Fighting       | |  3.7
Unarmed Combat | |  4.7

Action                   |  1- 3 |  4- 6 || total
-------------------------+-------+-------++-------
Melee: Unarmed           |   129 |   189 ||   318
       Tailslap          |    11 |    19 ||    30
       Punch             |       |     3 ||     3
Invok: Recall Undead Sla |       |     1 ||     1
  Use: Potion            |       |     2 ||     2
 Stab: Sleeping          |     4 |     2 ||     6
  Eat: Bread ration      |     1 |       ||     1
       Fruit             |       |     5 ||     5
Armor: Skin              |    54 |    38 ||    92
Dodge: Dodged            |   118 |   106 ||   224
